Map: Scythe of Amon

Players

LilArrin

  • Race: Protoss Protoss
  • Spawn Location: 5:00

Yuriprime

  • Race: Protoss Protoss
  • Spawn Location: 5:00

VOD

Have the link to the VOD?

Description

Time

  • Played on: April 28, 2018, 5:10 a.m.
  • Length: 6:34
Show
View Real Time Build Order
Export as new Build Order

LilArrin Protoss 

Build Orders:  

Get SALT Encoding   

  12  0:18  Gateway  
  12  0:26  Probe (Chrono Boost)  
  13  0:36  Assimilator  
  13  0:40  Probe (Chrono Boost)  
  14  0:53  Probe (Chrono Boost)  
  14  0:57  Assimilator  
  15  1:05  Probe (Chrono Boost)  
  16  1:17  Probe (Chrono Boost)  
  17  1:25  Cybernetics Core  
  17  1:32  Probe (Chrono Boost)  
  18  1:44  Probe (Chrono Boost)  
  19  1:57  Probe (Chrono Boost)  
  20  2:09  Probe (Chrono Boost)  
  21  2:17  Robotics Facility  
  21  2:24  Probe (Chrono Boost)  
  22  2:34  Gateway  
  22  2:42  Probe (Chrono Boost)  
  22  2:47  Zealot  
  25  2:56  Zealot  
  27  3:05  Zealot  
  29  3:15  Zealot  
  31  3:24  Observer  
  32  3:49  Zealot  
  34  3:57  Immortal  
  38  4:11  Immortal  
  38  4:33  Immortal  
  42  4:53  Zealot  
  42  4:54  Zealot  
  44  5:13  Immortal  
  42  5:24  Zealot  
  42  5:32  Observer  
  42  5:39  Zealot  
  45  6:07  Immortal  
Show
View Real Time Build Order
Export as new Build Order

Yuriprime Protoss 

Build Orders:  

Get SALT Encoding   

  12  0:06  Dark Pylon  
  12  0:19  Gateway  
  12  0:27  Probe (Chrono Boost)  
  13  0:37  Assimilator  
  13  0:43  Probe (Chrono Boost)  
  14  0:56  Assimilator  
  15  1:00  Probe (Chrono Boost)  
  15  1:26  Cybernetics Core  
  15  1:39  Assimilator  
  15  1:41  Dark Pylon  
  15  1:59  Gateway  
  15  2:01  Gateway  
  15  2:08  Warp Gate  
  15  2:17  Twilight Council  
  15  2:34  Gateway  
  15  2:56  Dark Pylon  
  15  3:04  Gateway  
  15  3:08  Dark Shrine  
  15  3:47  Dark Templar Blink  
  15  3:58  Dark Templar  
  15  3:59  Dark Templar x2  
  21  4:28  Dark Pylon  
  21  4:47  Dark Templar x4  
  29  5:02  Dark Templar  
  31  5:34  Dark Templar  
  31  5:35  Dark Templar  
  31  5:37  Dark Templar  
  37  5:46  Dark Pylon  
  37  6:01  Dark Templar x2  
Tags
 
Add a new tag
Caveats
  • Supply blocks, unpowered buildings, or Contaminate may cause inaccurate times.
  • Supply counts are checked every 10 seconds.